 Dungeon Crawl Stone Soup version 0.31-a0-16-g6d2539766c (webtiles) character file.

Game seed: 10158883329854321074

339 mandoloar the Changer (level 6, -2/66 HPs)
             Began as an Octopode Transmuter on May 8, 2023.
             Slain by a gnoll
             ... wielding a +0 halberd
              (5 damage)
             ... on level 4 of the Dungeon.
             The game lasted 00:09:32 (4356 turns).

mandoloar the Changer (Octopode Transmuter)         Turns: 4356, Time: 00:09:33

Health: -2/66      AC: 23    Str: 10    XL:     6   Next: 55%
Magic:  7/9        EV:  2    Int: 17    God:
Gold:   166        SH:  0    Dex: 12    Spells: 2/9 levels left

rFire   . . .        a - +1 dagger
rCold   . . .        (no shield)
rNeg    . . .        (helmet currently unavailable)
rPois   +            (no amulet)
rElec   .            (no ring)
rCorr   .            (no ring)
SInv    .            (no ring)
Will    .....        (no ring)
Stlth   +            (no ring)
HPRegen 0.31/turn    (no ring)
MPRegen 0.11/turn    (no ring)
                     (no ring)

%: no passive effects
@: tree-form, wereblooded
A: stationary, stasis, torment immunity, boosted hp, almost no armour,
(amphibious), 8 rings, (camouflage 1), (gelatinous body 1), (nimble swimmer 1),
(tentacles)
a: no special abilities


You were on level 4 of the Dungeon.
You were a tree.
You visited 1 branch of the dungeon, and saw 4 of its levels.
You also visited: Sewer.

You collected 166 gold pieces.

Inventory:

Hand Weapons
 a - a +1 dagger (weapon)
 b - a +0 sling
Missiles
 l - 24 stones
 p - 6 javelins (quivered)
Scrolls
 h - 2 scrolls of enchant weapon
 i - a scroll of fear {unknown}
 m - a scroll of enchant armour
 n - 2 scrolls of silence
Potions
 c - 6 potions of heal wounds
 d - a potion of resistance
 e - a potion of magic {unknown}
 f - a potion of might {unknown}
 j - a potion of attraction {unknown}
 k - 5 potions of degeneration {unknown}
 o - 5 potions of curing
 q - a potion of mutation {unknown}


   Skills:
 + Level 4.5 Fighting
 - Level 2.0 Dodging
 - Level 3.0 Unarmed Combat
 - Level 2.0 Spellcasting
 + Level 4.9 Transmutations


You had 2 spell levels left.
You knew the following spells:

 Your Spells              Type           Power      Damage    Failure   Level
a - Beastly Appendage     Tmut           36%        N/A       2%          1
b - Wereblood             Tmut           18%        N/A       3%          2
c - Ice Form              Ice/Tmut       10%        N/A       56%         4

Your spell library contained the following spells:

 Spells                   Type           Power      Damage    Failure   Level
 Spider Form              Tmut/Pois      10%        N/A       22%         3


Dungeon Overview and Level Annotations

Branches:
Dungeon (4/15)              Sewer (visited)
 Temple: D:4-7

Altars:
Ashenzari
Hepliaklqana
Okawaru
Qazlal

Shops:
D:1 :

Annotations:
D:4 3 runed translucent doors, Sleet's ghost, amateur MiBe


Innate Abilities, Weirdness & Mutations

You are a tree.
Your roots penetrate the ground, keeping you stationary.
You cannot be teleported.
You are immune to unholy pain and torment.
Your maximum health is greatly increased.
You cannot wear most types of armour.
((You are amphibious.))
You can wear up to eight rings at the same time.
((Your skin changes colour to match your surroundings (Stealth+).))
((Your rubbery body absorbs attacks. (AC +1, EV +1)))
((You are camouflaged when in or above water. (Stealth+)))
((You have tentacles for arms and can constrict up to eight enemies at once.))


Message History

The orc is severely wounded.
The gnoll closely misses you. The orc hits you with a +0 mace.
You hit the orc but do no damage. Your grab misses the orc.
Your squeeze misses the orc.
The orc is severely wounded.
The gnoll hits you from afar with a +0 halberd.
The orc barely misses you.
You hit the orc.
You feel a bit better.
You kill the orc!
The gnoll closely misses you.
You hit the gnoll. You grab the gnoll.
You pierce the gnoll!
The gnoll is almost dead.
You constrict the gnoll.
You feel a bit better.
You kill the gnoll!
The gnoll hits you from afar with a +0 halberd!
You hit the orc but do no damage. Your grab misses the orc.
Your tentacle spike misses the orc.
The orc wizard mumbles some strange words.
The orc wizard flickers and vanishes!
Deactivating autopickup; reactivate with Ctrl-A.
The orc closely misses you.
The gnoll hits you from afar with a +0 halberd!
You hear a shout!
You hit the orc. You grab the orc.
You pierce the orc.
You feel a bit better.
You kill the orc!
The gnoll hits you from afar with a +0 halberd!
The kobold brigand throws a poisoned dart.
The poisoned dart misses you.
You closely miss the gnoll. You grab the gnoll.
You pierce the gnoll.
The gnoll is lightly wounded.
You constrict the gnoll.
The gnoll hits you from afar with a +0 halberd!
* * * LOW HITPOINT WARNING * * *
The gnoll completely misses you.
Really quaff the potion of lignification?
Your tentacle spike disappears.
You turn into a tree.
Your roots penetrate the ground.
You lose your grip on the gnoll.
The gnoll hits you from afar with a +0 halberd.
You die...

,,,+,,,,,,,+..+,,,,,,,+,,,,#'###≈
,,,***######''#####****,,,,#o#.~≈
,,,*,,.....o..g...,,,,*,,,,*,#.~~
****,,.!....oo...,,,,,******,#.~≈
,,,+,,,,.......g,,,,,,+,,,,+,#.~~
,,,+,,,,,,....o,,,,,,,+,,,,+,#.≈≈
**********##''##*********+**,#.~≈
,,,,******#..og#######,,*,,*,#.~≈
,,,,+,,,,,+..ggg♣....+,,+,,*,#.~≈
,,,,******#...K#######,,*,,#+###≈
###########''''#############.g.#≈
...........................#.gg#≈
~~~~~~~≈≈~~....~~~~~≈~~≈~~≈#####≈
≈≈~≈≈~≈≈≈≈~....≈≈~≈≈≈≈≈≈≈≈≈≈≈≈≈≈≈
~~~~~~~~~~~....~~~≈~~~~~≈~≈~~≈~~≈
.................................
#####.....##......#########..####


You could see a kobold brigand, 4 gnolls and an orc.

Vanquished Creatures
  A water moccasin (Sewer)
  A scorpion (D:4)
  A hound (D:4)
  3 adders
  A gnoll (D:4)
  2 worms (D:3)
  3 dart slugs
  6 orcs
  3 endoplasms
  3 giant cockroaches
  8 goblins
  5 hobgoblins
  14 jackals
  6 quokkas
  5 ball pythons
  4 bats (D:1)
  5 frilled lizards
  A kobold (D:4)
  4 rats
76 creatures vanquished.

Vanquished Creatures (collateral kills)
  An adder (D:2)
  A rat (D:2)
2 creatures vanquished.

Grand Total: 78 creatures vanquished

Notes
Turn   | Place    | Note
-------+----------+-------------------------------------------
     0 | D:1      | mandoloar the Octopode Transmuter began the quest for the
                  | Orb.
     0 | D:1      | Reached XP level 1. HP: 13/13 MP: 3/3
   428 | D:1      | Reached XP level 2. HP: 16/18 MP: 3/5
   439 | D:1      | Learned a level 2 spell: Wereblood
   747 | D:1      | Found Buipet's Book Boutique.
   874 | D:1      | Reached XP level 3. HP: 24/24 MP: 2/6
  1778 | D:2      | Reached XP level 4. HP: 27/30 MP: 5/7
  2504 | D:3      | Found a hazy altar of Hepliaklqana.
  2675 | D:3      | Found a glowing drain.
  2748 | D:3      | Learned a level 4 spell: Ice Form
  2749 | Sewer    | Entered a sewer
  2827 | Sewer    | Noticed a water moccasin
  2837 | Sewer    | Killed a water moccasin
  2838 | Sewer    | Reached XP level 5. HP: 37/37 MP: 3/8
  2948 | D:3      | Found an iron altar of Okawaru.
  3141 | D:3      | Found a broken altar of Ashenzari.
  3210 | D:3      | Found a stormy altar of Qazlal.
  3626 | D:4      | Found a runed translucent gate.
  3626 | D:4      | Found a runed translucent gate.
  3626 | D:4      | Found a runed translucent gate.
  3782 | D:4      | Reached XP level 6. HP: 27/43 MP: 7/9
  3917 | D:4      | Noticed Sleet's ghost (amateur MiBe)
  4355 | D:4      | HP: 2/44 [gnoll/+0 halberd (13)]
  4356 | D:4      | Slain by a gnoll

Illustrated notes

Levels and vault maps discovered:
D:1:      mrwooster_arrival_statue_3, layout_loops_ring, serial_shops,
          nicolae_lakefront_shop
D:2:      layout_basic
D:3:      layout_basic, okawaru_trees_2, nicolae_qazlal_eye_of_the_storm,
          mainiacjoe_overflow_surrounded_room, lemuel_round_altar,
          gup_sewer_entry_glass
D:4:      lemuel_castle_with_subvaults [lemuel_castle_interior_original],
          layout_cave_pods, gammafunk_ghost_necromancy, dk_noncrumbling_3

Skill      XL: |  1  2  3  4  5 |
---------------+----------------+-----
Fighting       | 2 3 4 |  4.5
Transmutations | 3 4 |  4.9
Dodging        | |  2.0
Unarmed Combat | |  3.0
Spellcasting   | |  2.0

Action                     |  1- 3 |  4- 6 || total
---------------------------+-------+-------++-------
  Melee: Unarmed           |     8 |     4 ||    12
         Constrict         |    19 |    29 ||    48
         Dagger            |    52 |    95 ||   147
         Kick              |    15 |    39 ||    54
         Punch             |     1 |     3 ||     4
         Tentacles         |     7 |    20 ||    27
  Throw: Javelin           |       |     8 ||     8
   Cast: Beastly Appendage |    22 |    28 ||    50
         Wereblood         |     1 |     4 ||     5
         Ice Form          |       |     1 ||     1
    Use: Scroll            |     5 |     7 ||    12
         Potion            |       |     1 ||     1
   Stab: Sleeping          |     1 |     3 ||     4
 Armour: Skin              |     6 |     3 ||     9
  Dodge: Dodged            |    35 |    63 ||    98

Table legend: (Time is in decaauts)
 A = Elapsed time spent in this place.
 B = Non-inter-level travel time spent in this place.
 C = Inter-level travel time spent in this place.
 D = Time resting spent in this place.
 E = Time spent auto-exploring this place.
 F = Levels seen in this place.
 G = Mean time per level.
                   A        B        C        D        E       F      G
               +--------+--------+--------+--------+--------+-----+--------+
         Total |   4360 |   4022 |    338 |   1004 |   2350 |   5 |  872.0 |
       Dungeon |   4179 |   3841 |    338 |    956 |   2256 |   4 | 1044.8 |
         Sewer |    181 |    181 |      0 |     48 |     94 |   1 |  181.0 |
               +--------+--------+--------+--------+--------+-----+--------+

Top non-repeatable levels by time:
     D:1: 1374 daAuts
     D:3: 1069 daAuts
     D:2: 1054 daAuts
     D:4: 680 daAuts
   Sewer: 181 daAuts
